 Dungeon Crawl Stone Soup version 0.31.0-1-g2c135a0 (webtiles) character file.

Game seed: 17537128096644812487

105 grimble31 the Ducker (level 4, 0/35 HPs)
             Began as a Draconian Shapeshifter on Apr 5, 2024.
             Incinerated by a bombardier beetle (4 damage)
             ... with a burning spray
             ... on level 3 of the Dungeon.
             The game lasted 00:06:51 (2269 turns).

grimble31 the Ducker (Draconian Shapeshifter)       Turns: 2269, Time: 00:06:51

Health: 0/35       AC:  5    Str: 18    XL:     4   Next: 54%
Magic:  4/4        EV: 13    Int: 10    God:
Gold:   133        SH:  0    Dex: 11    Spells: 3/3 levels left

rFire   x .          .
                       - Unarmed
rCold   + . .        (no shield)
rNeg    . . .        (body armour unavailable)
rPois   .            (helmet currently unavailable)
rElec   .            (cloak currently unavailable)
rCorr   .            (gloves currently unavailable)
SInv    .            (boots currently unavailable)
Will    .....        (no amulet)
Stlth   +            d - ring of ice
HPRegen 0.25/turn    j - ring of flight
MPRegen 0.09/turn

%: no passive effects
@: on fire, beast-form, flying, glowing
A: beast (slay +1), AC +5, unfitting armour, cold-blooded
a: Begin Untransformation


You were on level 3 of the Dungeon.
You were a hulking beast.
You visited 1 branch of the dungeon, and saw 3 of its levels.

You collected 133 gold pieces.

Inventory:

Jewellery
 d - a ring of ice (left hand)
 j - a ring of flight (right hand)
Talismans
 b - a beast talisman
 c - a flux talisman
Scrolls
 e - a scroll of amnesia {unknown}
 f - 2 scrolls of noise {unknown}
 g - 3 scrolls of identify {unknown}
 i - a scroll of teleportation {unknown}
Potions
 a - 2 potions of lignification
 h - 2 potions of haste {unknown}
 k - 2 potions of attraction {unknown}


   Skills:
 + Level 1.5 Fighting
 * Level 4.3 Dodging
 - Level 3.0 Unarmed Combat
 - Level 3.0 Shapeshifting


You had 3 spell levels left.
You didn't know any spells.
Your spell library contained the following spells:

 Spells                   Type           Power      Damage    Failure   Level
 Freeze                   Ice            0%         1d3       36%         1
 Frozen Ramparts          Ice            0%         1d1       75%         3
 Hailstorm                Conj/Ice       0%         3d5       75%         3


Dungeon Overview and Level Annotations

Branches:
Dungeon (3/15)

Altars:
Ru


Innate Abilities, Weirdness & Mutations

You are a hulking beast.
Your limbs bulge with bestial killing power. (Slay +1)
Your plain brown scales are hard. (AC +5)
You cannot fit into any form of body armour.
You are cold-blooded and may be slowed by cold attacks.


Message History

You are covered in liquid fire!
You shake off some of the fire as you move.
The liquid fire burns you!
You hit the bombardier beetle. You tail-slap the bombardier beetle.
The bombardier beetle is lightly wounded.
The liquid fire burns you!
The bombardier beetle sprays incendiary fluid at you.
The burning spray misses you.
You hear an angry hiss.
You punch the bombardier beetle!
The bombardier beetle is heavily wounded.
The liquid fire burns you!
You hit the bombardier beetle.
The bombardier beetle is severely wounded.
The liquid fire burns you!
The bombardier beetle sprays incendiary fluid at you.
The burning spray hits you.
You are even more covered in liquid fire!
You are too injured to fight recklessly!
You are too injured to fight recklessly!
You are too injured to fight recklessly!
You hit the bombardier beetle but do no damage.
The bombardier beetle is severely wounded.
The liquid fire burns you!
You hit the bombardier beetle.
The bombardier beetle is almost dead.
The liquid fire burns you!
* * * LOW HITPOINT WARNING * * *
The bombardier beetle sprays incendiary fluid at you.
The burning spray hits you.
You are even more covered in liquid fire!
You completely miss the bombardier beetle.
You tail-slap the bombardier beetle.
You kill the bombardier beetle!
The liquid fire burns you!
* * * LOW HITPOINT WARNING * * *
Your Dodging skill increases to level 4!
You shake off some of the fire as you move.
The liquid fire burns you!
You die...

#.... ..+
#........###
#.?........
#......... #.....
.. ####.##.# .#
#.....#.##S######
#.#.....h.>.!....
#.#......#..#..##
#.#.........#
#.#...........$#
#.##............
#.#...#...#..###
#####.#†###..##....
#............#
.####
#.......###.##


You could see an adder.

Vanquished Creatures
  A bombardier beetle (D:3)
  3 adders (D:2)
  A dart slug (D:3)
  7 endoplasms
  5 goblins
  5 hobgoblins
  5 jackals
  4 kobolds
  A quokka (D:1)
  3 ball pythons (D:2)
  5 bats
  3 rats (D:1)
43 creatures vanquished.

Notes
Turn   | Place    | Note
-------+----------+-------------------------------------------
     0 | D:1      | grimble31 the Draconian Shapeshifter began the quest for
                  | the Orb.
     0 | D:1      | Reached XP level 1. HP: 16/16 MP: 1/1
    99 | D:1      | Reached skill level 2 in Dodging
   180 | D:1      | Reached XP level 2. HP: 17/23 MP: 2/2
   477 | D:1      | Reached skill level 3 in Dodging
  1236 | D:2      | Reached XP level 3. HP: 27/28 MP: 3/3
  1453 | D:2      | Found a sacrificial altar of Ru.
  1737 | D:2      | Reached XP level 4. HP: 35/35 MP: 4/4
  2269 | D:3      | Reached skill level 4 in Dodging
  2269 | D:3      | Incinerated by a bombardier beetle

Illustrated notes

Levels and vault maps discovered:
D:1:      spicycebolla_arrival_ecumenical, layout_basic, nicolae_eternal_life
D:2:      layout_basic, basic_altar, serial_bayou_pond_d,
          dreamdust_princess_bridge
D:3:      layout_basic, mainiacjoe_overflow_paths, gup_sewer_entry_bubbles

Skill      XL: |  1  2  3  4 |
---------------+-------------+-----
Dodging        | 2 3 4 |  4.3
Fighting       | |  1.5
Unarmed Combat | |  3.0
Shapeshifting  | |  3.0

Action                     |  1- 3 |  4- 6 || total
---------------------------+-------+-------++-------
  Melee: Unarmed           |   103 |    20 ||   123
         Tailslap          |     6 |     4 ||    10
   Stab: Distracted        |     1 |       ||     1
 Armour: Skin              |    45 |     5 ||    50
  Dodge: Dodged            |    62 |    12 ||    74
